Map: Golden Wall LE

Players

soul

  • Race: Terran Terran
  • League: Grandmaster
  • Spawn Location: 7:00

Lambo - Winner!

  • Race: Zerg Zerg
  • League: Grandmaster
  • Spawn Location: 5:00

Event: DreamHack SC2 Masters 2020 Summer Europe

VOD

Have the link to the VOD?

Description

Time

  • Played on: July 1, 2020, 12:27 p.m.
  • Length: 16:36

All games in this series

Show
View Real Time Build Order
Export as new Build Order

soul Terran 

Build Orders: Gas First Reaper Expand, Hellion Opening 

Get SALT Encoding   

  12  0:00  SCV  
  13  0:13  SCV  
  14  0:17  Supply Depot  
  14  0:25  SCV  
  14  0:28  Refinery  
  15  0:39  SCV  
  16  0:45  Barracks  
  16  0:51  SCV  
  17  1:03  SCV  
  18  1:15  SCV  
  19  1:32  Orbital Command  
  19  1:33  Reaper  
  20  1:45  Command Center  
  20  1:55  Factory  
  20  1:59  SCV  
  21  2:07  Barracks Reactor  
  21  2:08  Supply Depot  
  21  2:12  SCV  
  22  2:16  Refinery  
  22  2:24  SCV  
  23  2:36  SCV  
  24  2:43  Starport  
  24  2:49  Hellion x2  
  24  2:50  SCV  
  29  2:53  Marine  
  30  2:58  Orbital Command  
  30  3:02  SCV  
  31  3:11  Hellion  
  35  3:13  Hellion  
  35  3:16  SCV  
  37  3:21  Fusion Core  
  37  3:28  SCV  
  37  3:30  Reaper  
  37  3:32  SCV  
  39  3:36  Supply Depot  
  39  3:38  Starport Tech Lab  
  39  3:40  SCV  
  40  3:43  Hellion  
  40  3:44  SCV  
  40  3:48  Hellion  
  45  3:53  SCV  
  46  3:57  SCV  
  47  4:04  Hellion  
  47  4:07  Supply Depot  
  51  4:11  Supply Depot  
  49  4:19  SCV  
  49  4:22  SCV  
  51  4:27  Hellion  
  51  4:28  Battlecruiser  
  59  4:31  SCV  
  59  4:34  Reaper, SCV  
  64  4:38  Hellion  
  64  4:43  SCV  
  65  4:46  Supply Depot, SCV  
  65  4:49  Supply Depot  
  66  4:56  SCV  
  66  4:59  Command Center  
  67  5:02  SCV  
  70  5:08  Barracks Tech Lab  
  70  5:09  SCV  
  69  5:14  SCV  
  69  5:15  Factory Reactor  
  70  5:21  SCV, Barracks  
  70  5:24  Barracks  
  70  5:27  Stimpack  
  70  5:28  Marine  
  72  5:29  Supply Depot, SCV  
  72  5:34  SCV  
  72  5:37  Engineering Bay  
  71  5:43  Starport Reactor  
  71  5:45  Marine, SCV  
  71  5:48  SCV  
  70  5:57  SCV  
  70  5:59  Refinery, Engineering Bay  
  70  6:00  Refinery, SCV  
  70  6:03  Marine  
  71  6:09  Marine, SCV  
  63  6:11  Terran Infantry Weapons Level 1, Orbital Command  
  63  6:12  SCV  
  62  6:21  Marine x4, SCV  
  62  6:24  SCV  
  68  6:25  Medivac x2  
  68  6:26  Marine  
  73  6:33  SCV  
  73  6:36  Orbital Command, SCV  
  73  6:38  Marine  
  73  6:39  Marine x2  
  72  6:40  Siege Tank  
  72  6:41  Marine  
  72  6:44  Marine  
  72  6:46  Terran Infantry Armor Level 1  
  78  6:51  Missile Turret  
  79  6:54  Missile Turret  
  79  6:56  Marine  
  79  6:57  Marine x2, Barracks  
  79  6:59  Marine, Barracks  
  81  7:02  Marine, SCV  
  81  7:03  SCV  
  81  7:07  SCV  
  85  7:10  Combat Shield  
  85  7:12  Siege Tank  
  85  7:14  Marine  
  85  7:15  Marine x2, SCV x2  
  93  7:20  Supply Depot, Marine  
  95  7:24  Armory  
  95  7:25  Medivac  
  95  7:28  Medivac  
  99  7:32  Marine x2  
  99  7:33  Marine  
  99  7:36  Marine  
  102  7:37  Barracks x2  
  102  7:38  Marine, Barracks  
  103  7:45  Supply Depot  
  103  7:47  Barracks Reactor x2  
  103  7:49  Supply Depot  
  103  7:50  Marine x2  
  103  7:51  Missile Turret  
  105  7:52  Missile Turret x2  
  105  7:55  Marine  
  106  7:59  Siege Tank  
  106  8:00  Supply Depot  
  106  8:03  Marine x2  
  111  8:07  Marine  
  111  8:08  Marine  
  111  8:10  Supply Depot  
  113  8:13  Terran Infantry Weapons Level 2, Marine  
  113  8:15  Supply Depot  
  114  8:20  Marine  
  114  8:21  Marine  
  114  8:25  Marine  
  114  8:26  Marine x8  
  125  8:30  Marine  
  125  8:38  Marine x2  
  126  8:44  Marine x7  
  135  8:48  Marine  
  135  8:54  Supply Depot  
  134  8:55  Supply Depot  
  134  8:56  Marine x2, Barracks Reactor  
  134  8:57  Medivac  
  134  9:02  Siege Tank, Marine  
  141  9:04  Marine x6  
  141  9:06  Marine  
  148  9:14  Marine x2  
  140  9:20  Marine  
  140  9:22  Marine x6  
  147  9:24  Marine  
  147  9:29  Supply Depot  
  148  9:32  Supply Depot, Marine x2  
  148  9:34  Siege Tank  
  148  9:36  Marine  
  148  9:37  Marine x2, Medivac  
  157  9:40  Marine x6  
  157  9:42  Marine  
  157  9:45  Medivac  
  150  9:49  Marine  
  150  9:50  Marine  
  135  9:54  Marine x2  
  135  9:55  Marine  
  135  9:58  Marine x6  
  135  9:59  Marine  
  129  10:07  Marine x2  
  129  10:12  Marine x2  
  129  10:13  Marine  
  125  10:16  Marine x6  
  125  10:17  Marine  
  130  10:25  Marine x2  
  132  10:30  Marine x2  
  132  10:31  Marine  
  132  10:33  Marine x2  
  132  10:34  Marine  
  122  10:35  Marine  
  122  10:36  Marine  
  122  10:39  Marine, Medivac  
  120  10:43  Medivac  
  122  10:50  Marine x4  
  122  10:54  Marine  
  122  10:56  Marine  
  128  10:57  Marine  
  126  11:05  Marine x2  
  126  11:09  Medivac  
  126  11:10  Marine  
  126  11:11  Marine x2  
  129  11:13  Medivac  
  129  11:14  Siege Tank  
  129  11:17  Marine  
  130  11:19  Marine  
  127  11:26  Marine  
  127  11:27  Marine  
  127  11:28  Marine  
  108  11:33  Marine x7  
  108  11:38  Marine  
  108  11:39  Marine, Medivac  
  117  11:44  Marine  
  117  11:45  Marine  
  117  11:46  Marine  
  98  11:50  Marine  
  98  11:51  Marine x2  
  98  11:53  Marine  
  102  11:54  Marine  
  102  11:59  Marine x2  
  99  12:02  Marine  
  99  12:03  Marine  
  99  12:06  Siege Tank, Marine  
  99  12:07  Marine  
  104  12:09  Marine  
  105  12:16  Marine x5  
  105  12:20  Marine x2  
  105  12:22  Orbital Command  
  112  12:23  Marine  
  112  12:26  Marine  
  112  12:27  Marine x2  
  116  12:35  Marine x2  
  116  12:36  Marine  
  117  12:40  Marine x2  
  117  12:42  Marine  
  117  12:44  Marine  
  113  12:51  Marine x2  
  113  12:54  Marine  
  116  12:59  Marine  
  116  13:02  Marine  
  116  13:03  Marine  
  119  13:06  Marine  
  119  13:08  Missile Turret  
  119  13:09  Missile Turret  
  119  13:14  Siege Tank  
  120  13:26  Medivac x2  
  115  13:27  Marine  
  115  13:31  Marine  
  105  13:34  Marine x3  
  105  13:40  Marine x3  
  103  13:43  Barracks Tech Lab  
  103  13:44  Barracks Reactor, Barracks Tech Lab  
  103  13:46  Drilling Claws  
  103  13:47  Marine  
  103  13:48  Marine  
  102  13:49  Marine  
  102  13:50  Factory  
  103  13:56  Medivac x2  
  103  13:58  Marine x3  
  110  14:06  Thor  
  116  14:16  Refinery x2  
  118  14:17  Refinery  
  118  14:18  Marauder x2  
  120  14:31  SCV  
  117  14:32  Marine  
  117  14:37  Marine  
  117  14:38  Marine x2  
  115  14:40  SCV, Factory Reactor  
  115  14:42  Marine  
  115  14:43  Marine  
  115  14:44  Marine x2, SCV  
  120  14:46  Marine  
  120  14:47  SCV  
  120  14:49  Supply Depot  
  122  14:56  Thor  
  122  14:58  Marine x5  
  134  15:08  Marine  
  134  15:09  Marauder  
  134  15:10  Marauder  
  134  15:11  SCV  
  139  15:17  Marine  
  139  15:19  Marine x2  
  139  15:20  Barracks Tech Lab  
  141  15:24  Missile Turret  
  141  15:28  Widow Mine  
  143  15:31  Marauder  
  145  15:36  Marine  
  145  15:37  Marine x4  
  145  15:39  Marine  
  145  15:42  Marine  
  111  15:43  Marine  
  111  15:45  Marine  
  111  15:48  Marine  
  106  15:51  Widow Mine  
  106  15:53  Marine  
  106  15:55  Marine  
  85  15:58  Marine  
  85  15:59  Marine  
  85  16:00  Marine  
  85  16:02  Marine  
  74  16:04  Marine  
  74  16:07  Marine  
  74  16:10  Marine  
  65  16:13  Marine, Widow Mine  
  65  16:15  Marine  
Show
View Real Time Build Order
Export as new Build Order

Lambo Zerg - Winner!

Build Orders: Hatch First, Muta Ling Bane 

Get SALT Encoding   

  12  0:00  Drone  
  13  0:12  Overlord  
  13  0:17  Drone  
  14  0:30  Drone x2  
  16  0:49  Hatchery  
  15  0:52  Drone  
  15  0:55  Drone  
  17  0:59  Drone  
  18  1:09  Extractor  
  17  1:14  Spawning Pool  
  17  1:17  Drone  
  17  1:21  Drone  
  18  1:29  Drone  
  19  1:40  Drone  
  20  1:50  Overlord  
  20  2:00  Queen  
  20  2:01  Zergling x4, Queen  
  26  2:11  Drone x2  
  26  2:12  Metabolic Boost  
  28  2:21  Drone  
  30  2:22  Drone  
  30  2:36  Drone x2  
  32  2:41  Hatchery  
  31  2:44  Drone  
  31  2:51  Overlord  
  32  2:56  Queen  
  34  3:00  Drone  
  34  3:01  Drone  
  36  3:09  Drone x2  
  38  3:13  Queen  
  38  3:19  Drone x2  
  42  3:20  Overlord  
  42  3:28  Drone x2  
  44  3:38  Queen  
  46  3:42  Drone x3  
  46  3:45  Drone x2  
  51  3:51  Overlord  
  51  3:52  Zergling x2  
  51  3:54  Overlord  
  51  3:55  Overlord  
  52  3:59  Zergling x2  
  55  4:04  Queen  
  55  4:07  Baneling Nest  
  55  4:09  Zergling x8  
  58  4:13  Overlord  
  58  4:16  Drone x2  
  60  4:20  Drone  
  60  4:22  Drone  
  62  4:27  Overlord  
  62  4:28  Drone  
  62  4:29  Lair  
  62  4:33  Drone  
  62  4:38  Queen  
  63  4:39  Extractor  
  63  4:40  Drone x3, Extractor  
  63  4:43  Drone x2  
  66  4:49  Drone x2  
  66  4:50  Drone  
  66  4:52  Drone x3  
  72  4:58  Queen  
  72  4:59  Overlord  
  74  5:04  Drone x3  
  77  5:08  Spore Crawler x2  
  77  5:11  Overlord  
  75  5:14  Baneling x4  
  75  5:15  Baneling  
  75  5:17  Queen  
  75  5:20  Zergling x2  
  78  5:22  Spore Crawler  
  78  5:26  Zergling x2  
  78  5:29  Queen  
  78  5:32  Baneling  
  78  5:33  Baneling x2  
  78  5:34  Queen  
  82  5:40  Zergling x14  
  82  5:42  Zergling x4  
  89  5:47  Zergling x6  
  85  5:53  Zergling x4  
  83  5:57  Drone  
  82  6:04  Extractor, Spire  
  82  6:06  Drone x5  
  82  6:10  Drone  
  85  6:12  Drone  
  84  6:19  Drone  
  84  6:21  Extractor  
  84  6:22  Extractor  
  83  6:26  Drone x2  
  83  6:27  Drone  
  83  6:29  Drone x3  
  89  6:32  Drone  
  89  6:35  Drone  
  89  6:39  Drone  
  87  6:41  Drone  
  87  6:44  Drone x4  
  87  6:46  Hatchery  
  91  6:47  Evolution Chamber, Drone  
  91  6:48  Evolution Chamber  
  91  6:50  Drone x3  
  93  6:55  Drone  
  93  6:56  Drone  
  93  6:57  Drone x2  
  97  7:10  Overlord  
  97  7:11  Centrifical Hooks  
  97  7:13  Zerg Melee Weapons Level 1, Zerg Ground Armor Level 1  
  97  7:16  Zergling x12  
  97  7:22  Overlord  
  103  7:23  Mutalisk x3  
  103  7:24  Mutalisk  
  103  7:26  Mutalisk  
  103  7:29  Overseer  
  113  7:36  Mutalisk x3  
  119  7:37  Zerg Flyer Weapons Level 1  
  119  7:46  Drone x3, Zergling x10  
  127  7:55  Drone x2, Zergling x2  
  127  7:58  Overlord  
  130  7:59  Overlord  
  130  8:00  Overlord  
  130  8:03  Pneumatized Carapace  
  130  8:04  Overseer  
  130  8:08  Drone x4  
  130  8:11  Zergling x4  
  130  8:12  Baneling x9  
  135  8:16  Overlord  
  135  8:18  Overlord  
  135  8:20  Mutalisk x3  
  141  8:28  Mutalisk  
  141  8:29  Zergling x8  
  141  8:30  Zergling x6  
  148  8:47  Zergling x24  
  148  8:48  Extractor  
  159  8:57  Hatchery  
  159  9:00  Mutalisk  
  159  9:01  Mutalisk x4  
  168  9:06  Overlord  
  168  9:08  Overlord  
  168  9:11  Overlord  
  168  9:12  Overlord  
  168  9:13  Overlord  
  168  9:16  Zerg Ground Armor Level 2  
  166  9:22  Zergling x2  
  166  9:23  Overlord  
  167  9:24  Overlord x2  
  167  9:27  Zergling x18  
  167  9:30  Zergling x6  
  178  9:32  Baneling x7  
  178  9:41  Zergling x12  
  184  9:47  Zergling x10  
  186  9:56  Zergling x4  
  186  9:59  Baneling x11  
  185  10:04  Zergling x14  
  188  10:08  Zergling x2  
  188  10:09  Zergling x2  
  188  10:12  Zergling x6  
  186  10:15  Mutalisk x3  
  186  10:16  Baneling Nest  
  186  10:20  Zergling x2  
  189  10:23  Zergling x8  
  184  10:31  Mutalisk  
  184  10:32  Mutalisk x4  
  184  10:34  Zergling x2  
  184  10:35  Zergling x8  
  160  10:37  Zergling x4  
  160  10:40  Zergling x4  
  147  10:44  Zergling x8  
  147  10:47  Zergling x2  
  151  10:52  Zergling x8  
  151  10:58  Zergling x2  
  152  11:04  Baneling  
  152  11:05  Baneling x17  
  152  11:07  Zergling x8  
  151  11:13  Zergling x8  
  151  11:16  Zergling x12  
  157  11:22  Zergling x2  
  146  11:31  Zergling x10  
  126  11:35  Zergling x4  
  117  11:40  Baneling Nest  
  117  11:44  Mutalisk  
  109  11:48  Zergling x6  
  109  11:51  Hatchery  
  111  11:56  Zergling x2  
  111  12:00  Zergling x10  
  113  12:05  Mutalisk x2  
  113  12:07  Zergling x4  
  119  12:14  Zergling x4  
  121  12:19  Queen  
  121  12:20  Zergling x2  
  124  12:24  Zergling x4  
  126  12:30  Zergling x8  
  126  12:31  Baneling x9  
  130  12:37  Zergling x6  
  130  12:43  Zergling x6  
  134  12:49  Zergling x2  
  131  12:58  Zergling x10  
  136  13:01  Zergling x2  
  136  13:02  Zergling x6  
  137  13:08  Mutalisk x2  
  141  13:14  Mutalisk  
  141  13:25  Mutalisk x2  
  133  13:43  Queen  
  133  13:44  Zergling x16  
  133  13:45  Queen  
  145  13:51  Hatchery  
  145  13:53  Drone x3, Extractor  
  145  13:54  Hatchery  
  145  13:55  Zergling x4  
  145  14:01  Zerg Flyer Weapons Level 2  
  147  14:08  Mutalisk x2  
  151  14:15  Mutalisk x2  
  155  14:17  Zergling x2  
  155  14:21  Baneling Nest  
  155  14:22  Zergling x2  
  156  14:25  Zergling x4  
  157  14:33  Zergling x8  
  157  14:36  Zergling x2  
  160  14:40  Zergling x4  
  162  14:51  Zergling x12  
  167  14:57  Zergling x2  
  164  15:00  Zergling x4  
  164  15:14  Baneling x7  
  164  15:17  Baneling x4  
  164  15:22  Zergling x10  
  169  15:31  Zergling x6  
  165  15:39  Zergling x2  
  137  15:46  Zergling x12  
  137  15:49  Zergling x2  
  119  16:01  Zergling x10  
  122  16:07  Zergling x4  
  123  16:12  Zergling x6  
  123  16:17  Baneling x3  
Tags
 
Add a new tag
Caveats
  • Supply blocks, unpowered buildings, or Contaminate may cause inaccurate times.
  • Supply counts are checked every 10 seconds.